 Dungeon Crawl Stone Soup version 0.13.1-28-g3517093 (webtiles) character file.

531 exoticorn the Shield-Bearer (level 6, -15/53 HPs)
             Began as a Hill Orc Fighter on Mar 11, 2014.
             Was an Initiate of the Shining One.
             Demolished by Menkaure (18 damage)
             ... on Level 4 of the Dungeon on Mar 12, 2014.
             The game lasted 00:40:13 (3052 turns).

exoticorn the Shield-Bearer (Hill Orc Fighter)      Turns: 3052, Time: 00:40:13

HP -15/53        AC 14     Str 25      XL: 6   Next: 51%
MP   5/5         EV  9     Int  8      God: the Shining One [......]
Gold 200         SH 22     Dex 16      Spells:  0 memorised,  5 levels left

Res.Fire  : . . .   See Invis. : .   z - +0 orc flail
Res.Cold  : . . .   Warding    : .   y - +0 plate armour
Life Prot.: . . .   Conserve   : .   c - +0 orc shield
Res.Poison: .       Res.Corr.  : .   (no helmet)
Res.Elec. : .       Clarity    : .   w - +0 orc cloak (curse)
Sust.Abil.: . .     Spirit.Shd : .   (no gloves)
Res.Mut.  : .       Stasis     : .   u - +0 pair of elf boots
Res.Rott. : .       Flight     : .   e - cursed amulet of rage
Saprovore : + . .                    (no ring)
                                     (no ring)

@: about to teleport, mighty, agile, slowed, very slow, slightly resistant to
hostile enchantments, extremely unstealthy
A: saprovore 1
a: Renounce Religion, Evoke Berserk Rage


You were on level 4 of the Dungeon.
You worshipped the Shining One. the Shining One was noncommittal.
You were not hungry.

You visited 1 branch of the dungeon, and saw 4 of its levels.

You collected 180 gold pieces.

Inventory:

Hand weapons
 a - a +0,+0 orcish hand axe {=f}
 q - a +0,+0 sling
 r - a -1,+1 orcish hand axe
 z - a +0,+0 orcish flail (weapon)
 G - a +0,+0 orcish dagger
Missiles
 f - 57 stones (quivered)
 j - 12 bolts of frost
 o - 14 darts
 p - 37 arrows
Armour
 b - a +0 orcish scale mail
 c - a +0 orcish shield (worn)
 u - a +0 pair of elven boots (worn)
 w - a cursed +0 orcish cloak (worn)
 y - a +0 plate armour (worn)
 F - a +3 orcish ring mail
Comestibles
 d - 2 meat rations
 m - 4 bread rations
 A - 2 chunks of bat flesh
 B - a chunk of adder flesh
 D - a chunk of bat flesh
 E - 14 grapes
Scrolls
 h - a scroll of curse jewellery
 i - a scroll of teleportation
 s - 2 scrolls of remove curse {unknown}
 v - a scroll of identify {unknown}
 H - a scroll of blinking {unknown}
Jewellery
 e - a cursed amulet of rage (around neck)
 t - an uncursed ring of ice
 x - an uncursed ring of fire
Potions
 l - a potion of slowing
 n - a potion of agility


   Skills:
 + Level 4.3 Fighting
 + Level 3.5 Axes
 + Level 1.6 Maces & Flails
 + Level 2.4 Slings
 + Level 0.6 Throwing
 + Level 4.2 Armour
 + Level 1.9 Dodging
 + Level 0.1 Stealth
 + Level 4.6 Shields


You had 5 spell levels left.
You didn't know any spells.

Dungeon Overview and Level Annotations

Branches:
Dungeon (4/27)
 Temple: D:4-7

Altars:
Fedhas
the Shining One

Annotations:
D:4 Menkaure


Innate Abilities, Weirdness & Mutations

You can tolerate rotten meat.


Message History

* * * LOW HITPOINT WARNING * * *
Menkaure points at you and mumbles some strange words.
Pain shoots through your body!
* * * LOW HITPOINT WARNING * * *
Read which item? (? for menu, Esc to quit)
As you read the scroll labeled SHIDDYUBRO, it crumbles to dust.
Your +0 orcish cloak glows black for a moment.
It was a scroll of curse armour.
Menkaure hits you.
* * * LOW HITPOINT WARNING * * *
Read which item? (? for menu, Esc to quit)
As you read the scroll labeled THRIOF LESEJILO, it crumbles to dust.
Your amulet of rage glows black for a moment.
It was a scroll of curse jewellery.
Menkaure misses you.
Menkaure gestures at you while chanting.
You resist.
Read which item? (? for menu, Esc to quit)
As you read the scroll labeled THRAON OPRUDGHA, it crumbles to dust.
You feel strangely unstable.
It was a scroll of teleportation.
You block Menkaure's attack. Menkaure hits you!
You die...

....................+ ##....)###
....................# ##.....#.
.........(..........## ##......
......#..............## #......
.....###..............#. #......
......#..............##.. #......
#...................##...##......
....................#8..##.....#.
....)..........M@...'..##.....###
....................#8##......
#.......#...........###.......
##.....###....................
##.....#.....................
#.#.#.....................
#.##.##................... ##
##.#...#..#............
#.#..##..###.....#....


You could see Menkaure.

Vanquished Creatures
  An ogre (D:4)
  3 orc wizards
  A worker ant (D:4)
  5 adders
  A worm (D:3)
  A giant gecko (D:1)
  2 oozes
  6 orcs
  11 bats
  8 giant cockroaches
  10 goblins
  13 hobgoblins
  5 giant newts
  10 kobolds
  3 quokkas
  8 rats
88 creatures vanquished.

Notes
Turn   | Place    | Note
--------------------------------------------------------------
     0 | D:1      | exoticorn, the Hill Orc Fighter, began the quest for the Orb.
     0 | D:1      | Reached XP level 1. HP: 19/19 MP: 0/0
   150 | D:1      | Reached XP level 2. HP: 21/26 MP: 1/1
   412 | D:1      | Reached skill level 4 in Fighting
   447 | D:1      | Reached XP level 3. HP: 24/33 MP: 2/2
   899 | D:2      | Reached skill level 1 in Dodging
   949 | D:2      | Reached XP level 4. HP: 40/40 MP: 3/3
  2048 | D:3      | Found a glowing golden altar of the Shining One.
  2051 | D:3      | Became a worshipper of the Shining One
  2125 | D:3      | Reached skill level 1 in Slings
  2125 | D:3      | Reached XP level 5. HP: 46/46 MP: 4/4
  2534 | D:3      | Found a blossoming altar of Fedhas.
  2536 | D:3      | Noticed a centaur
  2562 | D:4      | Noticed an ogre
  2571 | D:4      | Killed an ogre
  2571 | D:4      | Reached XP level 6. HP: 18/53 MP: 5/5
  2807 | D:4      | Reached skill level 1 in Maces & Flails
  3016 | D:4      | Noticed Menkaure
  3052 | D:4      | Demolished by Menkaure

Action                   |  1- 3 |  4- 6 || total
-------------------------+-------+-------++-------
Melee: Hand axe          |   111 |    64 ||   175
       Flail             |       |    74 ||    74
 Fire: Sling             |     5 |    95 ||   100
Throw: Stone             |    13 |     7 ||    20
 Abil: Evoke Berserk Rag |       |     1 ||     1
  Use: Potion            |       |     5 ||     5
       Scroll            |       |     3 ||     3
